 Dungeon Crawl Stone Soup version 0.31.0-11-ge490571c62 (webtiles) character file.

Game seed: 6944013467208464155

134 Gadfly the Ruffian (level 4, -2/33 HPs)
             Began as a Demonspawn Shapeshifter on Jan 27, 2024.
             Incinerated by a bombardier beetle (4 damage)
             ... with a burning spray
             ... on level 3 of the Dungeon.
             The game lasted 00:03:30 (1917 turns).

Gadfly the Ruffian (Demonspawn Shapeshifter)        Turns: 1917, Time: 00:03:30

Health: -2/33      AC: 11    Str: 16    XL:     4   Next: 95%
Magic:  4/4        EV: 17    Int: 10    God:
Gold:   660        SH:  0    Dex: 13    Spells: 3/3 levels left

rFire   . . .        b - +3 dagger (protect)
rCold   . . .        (no shield)
rNeg    . . .        a - +0 animal skin
rPois   .            (helmet currently unavailable)
rElec   .            (cloak currently unavailable)
rCorr   .            (gloves currently unavailable)
SInv    .            (boots currently unavailable)
Will    +....        (no amulet)
Stlth   +            h - +5 ring of evasion
HPRegen 0.25/turn    (no ring)
MPRegen 0.09/turn

%: no passive effects
@: on fire, beast-form, under a protective aura, enlightened, flying, glowing
A: beast (slay +1), molten scales 1, condensation shield
a: Begin Untransformation


You were on level 3 of the Dungeon.
You were a hulking beast.
You visited 1 branch of the dungeon, and saw 3 of its levels.

You collected 660 gold pieces.

Inventory:

Hand Weapons
 b - a +3 dagger of protection (weapon)
 k - a +1 antimagic dagger
Armour
 a - a +0 animal skin (worn)
Jewellery
 h - a +5 ring of evasion (left hand)
Talismans
 c - a beast talisman
 d - a flux talisman
Scrolls
 l - a scroll of teleportation
Potions
 e - a potion of lignification
 f - a potion of resistance {unknown}
 g - a potion of enlightenment
 i - a potion of cancellation {unknown}
 j - 2 potions of attraction {unknown}


   Skills:
 + Level 2.0 Fighting
 + Level 2.9 Dodging
 + Level 3.2 Unarmed Combat
 * Level 2.2 Evocations
 + Level 3.0 Shapeshifting


You had 3 spell levels left.
You didn't know any spells.
Your spell library was empty.

Dungeon Overview and Level Annotations

Branches:
Dungeon (3/15)

Altars:


Innate Abilities, Weirdness & Mutations

You are a hulking beast.
Your limbs bulge with bestial killing power. (Slay +1)
You are partially covered in molten scales. (AC +2)
A meltable shield of frost defends you. (SH +0)


Message History

You hit the bombardier beetle but do no damage.
Your weapon exudes an aura of protection.
The liquid fire burns you!
The bombardier beetle bites you but does no damage.
You barely miss the bombardier beetle. The liquid fire burns you!
You closely miss the bombardier beetle. The liquid fire burns you!
The bombardier beetle barely misses you.
You hit the bombardier beetle.
Your weapon exudes an aura of protection.
The bombardier beetle is lightly wounded.
The liquid fire burns you!
The bombardier beetle barely misses you.
You are too injured to fight recklessly!
You are too injured to fight recklessly!
You are too injured to fight recklessly!
You are too injured to fight recklessly!
You are too injured to fight recklessly!
You are too injured to fight recklessly!
You are too injured to fight recklessly!
You are too injured to fight recklessly!
You are too injured to fight recklessly!
Unknown command.
You hit the bombardier beetle.
The bombardier beetle is lightly wounded.
The liquid fire burns you!
* * * LOW HITPOINT WARNING * * *
You hit the bombardier beetle.
The bombardier beetle is heavily wounded.
The liquid fire burns you!
* * * LOW HITPOINT WARNING * * *
The bombardier beetle sprays incendiary fluid at you.
The burning spray hits you.
You are even more covered in liquid fire!
It was a potion of enlightenment.
You feel very buoyant.
You fly up into the air.
The liquid fire burns you!
You die...

############.########
...............# #
#######.######.# #
#.# #.# # #.# #.# #
#.# #.###### #.#
#....... ########.##
#######. #....h....#
#. #...B.....#
######. ...>........#
#...... .##..<......#
#.####. ...........#
#. ###.........# ##
#.>.......!
#.........##


You could see a bombardier beetle.

Vanquished Creatures
  A gnoll (D:1)
  8 adders (D:2)
  2 ribbon worms (D:2)
  9 ball pythons
  3 bats
  5 endoplasms
  5 goblins
  4 hobgoblins
  5 kobolds
  A quokka (D:1)
  2 frilled lizards
  5 rats
50 creatures vanquished.

Notes
Turn   | Place    | Note
-------+----------+-------------------------------------------
     0 | D:1      | Gadfly the Demonspawn Shapeshifter began the quest for the
                  | Orb.
     0 | D:1      | Reached XP level 1. HP: 15/15 MP: 1/1
   232 | D:1      | Gained mutation: A meltable shield of frost defends you.
                  | (SH +0) [demonic ancestry]
   232 | D:1      | Reached XP level 2. HP: 19/21 MP: 2/2
   614 | D:1      | Reached skill level 1 in Evocations
   614 | D:1      | Gained mutation: You are partially covered in molten
                  | scales. (AC +2) [demonic ancestry]
   614 | D:1      | Reached XP level 3. HP: 20/26 MP: 3/3
  1268 | D:2      | Reached XP level 4. HP: 27/33 MP: 4/4
  1818 | D:2      | Identified a scroll of acquirement
  1822 | D:2      | Acquired 600 gold pieces
  1917 | D:3      | Incinerated by a bombardier beetle

Illustrated notes

Levels and vault maps discovered:
D:1:      dpeg_arrival_ternary, layout_basic, minmay_misc_feat_cross
D:2:      layout_rooms, minmay_snake_closets
D:3:      layout_loops_ring, serial_shops, nicolae_shop_back_alley_shop,
          grunt_decor_mini_mirrors

Skill      XL: |  1  2  3  4 |
---------------+-------------+-----
Dodging        | 2 |  2.9
Evocations     | 1 2 |  2.2
Unarmed Combat | 3 |  3.2
Shapeshifting  | 3 |  3.0
Fighting       | 2 |  2.0

Action                     |  1- 3 |  4- 6 || total
---------------------------+-------+-------++-------
  Melee: Unarmed           |    98 |    11 ||   109
         Dagger            |     1 |    48 ||    49
         Punch             |     3 |       ||     3
    Use: Scroll            |       |     2 ||     2
         Potion            |       |     1 ||     1
   Stab: Sleeping          |       |     3 ||     3
 Armour: Animal skin       |    38 |    19 ||    57
  Dodge: Dodged            |    79 |    32 ||   111
  Block: Other             |    11 |     7 ||    18
